 Dungeon Crawl Stone Soup version 0.29.1-13-g9f3cf754e1 (webtiles) character file.

Game seed: 13273916349459571326

28 FexLirch the Trooper (level 3, 0/29 HPs)
             Began as a Formicid Abyssal Knight on Jan 28, 2023.
             Was a Believer of Lugonu.
             Slain by a worm (9 damage)
             ... on level 2 of the Dungeon.
             The game lasted 00:01:06 (509 turns).

FexLirch the Trooper (Formicid Abyssal Knight)       Turns: 509, Time: 00:01:07

Health: 0/29       AC:  5    Str: 19    XL:     3   Next: 30%
Magic:  5/5        EV: 10    Int:  9    God:    Lugonu [**....]
Gold:   13         SH:  0    Dex: 14    Spells: 2/2 levels left

rFire   . . .      SeeInvis +   a - +1 spear
rCold   . . .      Faith    .   (no shield)
rNeg    . . .      Spirit   .   d - +0 ring mail
rPois   .          Reflect  .   (helmet unavailable)
rElec   .          Harm     .   (no cloak)
rCorr   .          Rampage  .   (no gloves)
Will    .....                   (no boots)
Stlth   +.........              (no amulet)
HPRegen 0.09/turn               (no ring)
MPRegen 0.09/turn               (no ring)

@: no status effects
A: permanent stasis, dig shafts and tunnels, antennae 3, four strong arms
a: Dig, Shaft Self, Renounce Religion, Depart the Abyss, Bend Space


You were on level 2 of the Dungeon.
You worshipped Lugonu.
Lugonu was pleased with you.
You visited 1 branch of the dungeon, and saw 2 of its levels.
You visited the Abyss 1 time.

You collected 13 gold pieces.

Inventory:

Hand Weapons
 a - a +1 spear (weapon)
Armour
 b - a +0 leather armour
 d - a +0 ring mail (worn)
Scrolls
 c - 4 scrolls of enchant weapon {unknown}
 e - a scroll of immolation {unknown}
Potions
 f - a potion of heal wounds {unknown}
 g - 2 potions of curing {unknown}


   Skills:
 - Level 3.2 Fighting
 * Level 3.1 Polearms
 - Level 2.1 Armour
 - Level 0.8 Dodging
 + Level 2.9 Invocations


You had 2 spell levels left.
You didn't know any spells.
Your spell library was empty.

Dungeon Overview and Level Annotations

Branches:
Dungeon (1/15)

Altars:


Innate Abilities, Weirdness & Mutations

You cannot be hasted, slowed, berserked, paralysed or teleported.
You can dig through walls and to a lower floor.
You have a pair of large antennae on your head. (SInv)
Your four strong arms can wield two-handed weapons with a shield.


Message History

You hit the worm.
The worm is heavily wounded.
You hit the worm.
The worm is severely wounded.
The worm bites you.
You barely miss the worm.
The worm is severely wounded.
You hit the worm.
The worm is severely wounded.
The worm closely misses you.
You hit the worm.
The worm is almost dead.
You barely miss the worm.
The worm is almost dead.
The worm bites you.
You hit the worm but do no damage.
The worm is almost dead.
The worm bites you.
You hit the worm.
The worm is almost dead.
You barely miss the worm.
The worm is almost dead.
The worm bites you.
You are too injured to fight recklessly!
You are too injured to fight recklessly!
You are too injured to fight recklessly!
You hit the worm but do no damage.
The worm is severely wounded.
You barely miss the worm.
The worm is severely wounded.
The worm bites you.
You completely miss the worm.
The worm is severely wounded.
You hit the worm but do no damage.
The worm is severely wounded.
The worm bites you but does no damage.
You hit the worm.
The worm is severely wounded.
The worm bites you!
You die...

#..........###
#.............
..#.....<.....# ...#.
.............# #..#.
.#...........##
.......##.............#
.#.........####.$#####..
...........## ##w#
#..........####@#
#.....#........##
.#.....#...P.....#
...........♣♣.....#
#.......)..........#
..#.........)....#.#
.............###.#.#
..........#..# #....
........#....####....


You could see a worm.

Vanquished Creatures
  An adder (D:2)
  3 endoplasms
  A giant cockroach (D:2)
  2 goblins (D:2)
  A hobgoblin (D:1)
  3 jackals (D:2)
  A quokka (D:1)
  A ball python (D:2)
  A bat (D:2)
  A kobold (D:2)
  2 rats (D:2)
17 creatures vanquished.

Vanquished Creatures (others)
  7 plants (D:2)
7 creatures vanquished.

Grand Total: 24 creatures vanquished

Notes
Turn   | Place    | Note
-------+----------+-------------------------------------------
     0 | Abyss:1  | FexLirch the Formicid Abyssal Knight began the quest for
                  | the Orb.
     0 | Abyss:1  | Reached XP level 1. HP: 18/18 MP: 2/2
    23 | Abyss:1  | Found a shadowy altar of Dithmenos.
   108 | Abyss:1  | Noticed a small abomination
   109 | Abyss:1  | Noticed a tentacled monstrosity
   110 | D:1      | Escaped the Abyss
   304 | D:1      | You fall into a shaft and drop 1 floor!
   338 | D:2      | Reached XP level 2. HP: 18/24 MP: 3/3
   489 | D:2      | Reached XP level 3. HP: 29/29 MP: 5/5
   509 | D:2      | Slain by a worm

Illustrated notes

Levels and vault maps discovered:
D:1:      nzn_arrival_depleted_hourglass, layout_loops_ring,
          ebering_ecumenical_altar_petrified, moated_statue, minmay_pentomino_p4
D:2:      layout_rooms, serial_forest, infiniplex_forest_straight_4,
          infiniplex_forest_3_way, infiniplex_forest_lined_room_2,
          infiniplex_forest_lined_3, infiniplex_forest_clump_tiny,
          infiniplex_forest_clump_medium

Skill      XL: |  1  2 |
---------------+-------+-----
Polearms       | 3 |  3.1
Fighting       | |  3.2
Armour         | |  2.1
Dodging        | |  0.8
Invocations    | |  2.9

Action                   || total
-------------------------++-------
Melee: Spear             ||    61
Invok: Depart the Abyss  ||     1
Armor: Ring mail         ||    12
Dodge: Dodged            ||    19
